Cogmind - Beta 13 @@@ ROGUE MODE // 2024.05.18 @ 17:06:36 Player: Cheeriohz Result: Destroyed by P-80 Master with Gamma Rifle Performance ------------- Evolutions (8) 4000 Regions Visited (27) 5400 Robots Destroyed (337) 1685 Value Destroyed (21431) 21431 Prototype IDs (60) 1200 Alien Tech Used (4) 800 Bonus (17613) 17613 TOTAL SCORE: 52129 Bonus ------- Triggered Max Security 1000 High Alert Combat Kills 2079 Follower Combat Kills 6791 Entered Garrisons 1800 Used RIF Installer 4500 Aligned with FarCom 300 Found Hidden Lab 3000 Scanned by Researcher 500 Pursued by Intercept 500 Friendly Fire -2857 Cogmind --------- Core Integrity 0/1450 Matter 300/300 Energy 100/100 System Corruption 67% Temperature Cool (0) Movement Core (50) Location -2/Quarantine Parts ------- > --- POWER (3) -------- (None) > --- PROPULSION (6) --- (None) > --- UTILITY (11) ----- (None) > --- WEAPON (3) ------- (None) > --- INVENTORY (5) ---- Advanced Cooling System Quantum Capacitor Relay Coupler [Sentry] (23) Advanced Remote Datajack Peak State ------------ > --- POWER ------------ Reinforced Antimatter Reactor Particle Reactor Light Quantum Reactor > --- PROPULSION ------- Improved Heavy Treads Armored Heavy Treads Armored Heavy Treads > --- UTILITY ---------- Advanced Cooling System Huge Storage Unit Advanced Weapon Cycler Medium Regenerative Plating Phase Armor Advanced Force Field Relay Coupler [C] Relay Coupler [Sentry] Relay Coupler [Hunter] Relay Coupler [Behemoth] > --- WEAPON ----------- Enhanced Nova Cannon Enhanced Nova Cannon Enhanced Nova Cannon > --- INVENTORY -------- Particle Reactor Advanced Cooling System High-capacity Matter Pod Quantum Capacitor Improved Weapon Shielding Graphene Brace AEGIS Remote Shield Relay Coupler [NC] Relay Coupler [NC] Relay Coupler [C] Relay Coupler [C] Relay Coupler [C] Relay Coupler [Sentry] Relay Coupler [Sentry] Relay Coupler [Demolisher] Relay Coupler [Heavy] Long-range Tractor Beam Enhanced Nova Cannon Enhanced Nova Cannon Gamma Bomb Array Advanced Remote Datajack Guided Remote Datajack Improved Plasma Cutter Enhanced Force Lance [Rating: 193] Favorites ----------- Power Reinforced Deuterium Engine Engine Reinforced Deuterium Engine Power Core Light Nuclear Core Reactor Quantum Reactor Propulsion Armored Wheel Treads Light Treads Leg Aluminum Leg Wheel Armored Wheel Hover Unit Antigrav System Utility Relay Coupler [Sentry] Device Improved Transmission Jammer Storage Huge Storage Unit Processor System Guard Hackware Relay Coupler [Sentry] Protection Improved Medium Armor Plating Artifact Phase Armor Weapon Remote Datajack Energy Gun Enhanced Quantum Rifle Energy Cannon Cooled Phase Cannon Ballistic Gun KE Penetrator Ballistic Cannon Light Cannon Launcher Long-range Missile Launcher Special Weapon Remote Datajack Impact Weapon Power Maul Slashing Weapon Katana Piercing Weapon Lance Special Melee Weapon Improved Datajack Build | -11 -10 -10 -10 -9 -8 -8 -8 -8 -8 -7 -7 -7 -7 -6 -6 -6 -6 -5 -5 -4 -4 -4 -3 -3 -2 -2 -2 ------- Run | Yrd Mat Min Exi Min Mat Gar Mat Gar Mat Fac Gar Fac Gar Fac Gar Fac Gar Fac Gar Fac Arm Lab Res Gar Res Gar Qua Slots Evolved 16 | . . . . . 4 . . . . 2 . . . 2 . . . 2 . 2 . . 2 . 2 . . Power 2 | . . . . . . . . . . . . . . . . . . . . 1 . . . . 1 . . Propulsion 4 | . . . . . . . . . . . . . . . . . . 1 . 1 . . 2 . . . . Utility 9 | . . . . . 3 . . . . 2 . . . 2 . . . 1 . . . . . . 1 . . Weapon 1 | . . . . . 1 . . . . . . . . . . . . . . . . . . . . . . Parts Attached 769 | 1 14 8 . 4 52 48 17 44 6 6 22 15 42 31 15 7 28 21 66 51 76 21 35 48 30 57 4 Power 46 | . 3 2 . 1 6 4 2 1 1 . . . 1 1 . 1 1 1 4 2 6 1 1 1 3 2 1 Engine 17 | . 1 1 . . 4 4 2 1 1 . . . 1 . . . . . 2 . . . . . . . . Core 12 | . 2 1 . 1 2 . . . . . . . . . . . . 1 2 1 2 . . . . . . Reactor 17 | . . . . . . . . . . . . . . 1 . 1 1 . . 1 4 1 1 1 3 2 1 Propulsion 85 | . 2 4 . . 7 9 2 5 1 . 1 1 7 3 . 3 1 1 7 4 6 1 7 6 . 7 . Treads 44 | . . 2 . . 7 7 . . . . . . 2 . . . . 1 1 . 3 1 7 6 . 7 . Leg 4 | . 2 2 . . . . . . . . . . . . . . . . . . . . . . . . . Wheel 35 | . . . . . . 2 2 5 1 . 1 1 5 3 . 3 1 . 4 4 3 . . . . . . Hover 2 | . . . . . . . . . . . . . . . . . . . 2 . . . . . . . . Flight . | . . . . . . . . . . . . . . . . . . . . . . . . . . . . Utility 340 | 1 3 . . . 16 14 7 21 4 5 11 8 20 20 8 2 18 15 31 24 35 7 13 19 15 20 3 Device 158 | 1 . . . . 9 5 . 8 1 1 6 1 7 9 2 . 9 8 15 10 26 6 9 8 6 11 . Storage 7 | . 1 . . . 2 . . . . 1 . . . 1 . . . . 2 . . . . . . . . Processor 10 | . . . . . . . . . . . . 1 1 1 . . 1 . . . 2 . 2 . 2 . . Hackware 92 | . . . . . . 3 5 7 3 1 2 4 6 5 4 1 8 2 11 7 3 . 1 8 6 5 . Protection 72 | . 2 . . . 5 6 2 6 . 2 3 2 6 4 2 1 . 5 3 7 4 1 1 3 1 4 2 Artifact 1 | . . . . . . . . . . . . . . . . . . . . . . . . . . . 1 Weapon 298 | . 6 2 . 3 23 21 6 17 . 1 10 6 14 7 7 1 8 4 24 21 29 12 14 22 12 28 . Energy Gun 51 | . 2 . . . 8 3 . . . . . . 1 . . . 1 2 1 4 6 8 8 7 . . . Energy Cannon 54 | . . . . 1 . 3 . 5 . . 1 . . 4 2 . . . 2 5 2 . 2 6 7 14 . Ballistic Gun 63 | . 1 . . . 9 8 4 2 . 1 4 2 6 1 . . . . 6 8 10 1 . . . . . Ballistic Cannon 13 | . 2 2 . 1 4 . . . . . . . . . 1 . 1 . 1 . 1 . . . . . . Launcher 16 | . 1 . . 1 2 2 . 1 . . . 1 1 . 2 . 1 . 1 . 2 . . . . 1 . Special Weapon 68 | . . . . . . 1 1 4 . . 3 2 4 2 1 1 3 2 8 3 4 1 2 8 5 13 . Impact Weapon 11 | . . . . . . . . . . . . . . . 1 . 2 . 5 1 2 . . . . . . Slashing Weapon 5 | . . . . . . 4 . 1 . . . . . . . . . . . . . . . . . . . Piercing Weapon 13 | . . . . . . . . 1 . . 2 1 2 . . . . . . . 2 2 2 1 . . . Special Melee Weapon 4 | . . . . . . . 1 3 . . . . . . . . . . . . . . . . . . . Unidentified Prototypes 21 | . . . . . 1 . . . . . 1 . . . . 1 1 1 . 1 2 11 1 . . . 1 Corrupted Parts 2 | . . . . . . . . . . . . . . . . . . . . . . . . . . 2 . System Corruption 18 | . . . . . . . . . . . . . . . . . . . . . . . . . . 18 . Parts Lost 68 | . . . . . 9 7 1 3 . . . 1 5 . 1 . 6 . 9 3 3 . . 1 2 1 16 Power 5 | . . . . . 1 . . . . . . . 1 . . . . . 1 . . . . . . . 2 Propulsion 15 | . . . . . 2 . . 2 . . . . 3 . . . 1 . 3 . . . . . . 1 3 Utility 33 | . . . . . 4 4 . . . . . 1 . . 1 . 3 . 3 3 3 . . 1 2 . 8 Weapon 15 | . . . . . 2 3 1 1 . . . . 1 . . . 2 . 2 . . . . . . . 3 Highest Loss Streak 15 | . . . . . 8 2 1 2 . . . 1 1 . 1 . 2 . 7 3 2 . . 1 1 1 15 To Critical Strikes 1 | . . . . . . . . . . . . . . . . . . . 1 . . . . . . . . Average Slot Usage (%) 93 | . 99 100 100 100 91 92 99 90 99 96 99 99 97 96 89 85 87 89 93 98 96 88 86 88 90 88 76 Engine 3 | . 2 11 . . 5 8 9 9 9 7 7 7 6 5 . . . . 3 5 . . . . . . . Core 1 | . 11 2 14 14 3 . . . . . . . . . . . . . 1 4 2 . . . . . . Reactor 3 | . . . . . . . . . . . . . . . 6 6 6 4 . . 7 10 9 8 13 13 10 Treads 6 | . . 7 28 28 17 14 . . . . . . 1 1 . . . 3 3 . 4 10 15 17 17 15 12 Leg 2 | . 28 20 . . . . . . . . . . . . . . . . . . . . . . . . . Wheel 6 | . . . . . . 3 18 10 17 15 15 15 12 7 6 6 6 5 9 19 12 . . . . . . Device 12 | . 2 . . . 20 14 . 7 2 . 1 5 6 20 16 13 11 16 24 14 22 19 20 22 15 15 12 Storage 8 | . 14 14 14 14 9 9 9 9 9 12 15 15 15 12 6 6 6 5 7 5 5 5 4 4 4 4 3 Processor 1 | . . . . . . . . . . . . . . . 6 6 6 . . . 1 5 4 1 1 . . Hackware 15 | . . . . . . 1 30 19 29 30 30 29 21 15 22 25 29 26 16 22 16 15 11 8 17 17 16 Protection 7 | . 10 14 14 14 9 14 5 8 3 6 5 2 8 9 5 5 1 4 3 8 5 5 4 8 7 7 4 Energy Gun 2 | . 2 . . . 10 4 . . . . . . 2 . . . 1 5 1 . 4 9 10 8 . . . Energy Cannon 1 | . . . . . . . . 4 9 3 . . . 5 3 . . . . . . . . 1 9 10 12 Ballistic Gun 5 | . 12 . . . 12 16 14 4 . 3 9 11 7 1 . . . . 5 8 9 1 . . . . . Ballistic Cannon 3 | . 11 28 28 27 2 . . . . . . . . . 3 6 4 . 2 . . . . . . . . Special Weapon 2 | . . . . . . . 5 6 9 7 5 4 4 4 4 6 3 4 2 4 . . . 3 2 1 . Piercing Weapon 2 | . . . . . . . . 8 9 7 6 6 6 6 2 . . . . . . 3 1 . . . . Naked Turns 1 | . . . . . . . . . . . . . . . . . . . . . . . . . . . 1 Heaviest Build 242 | 14 34 34 34 41 70 76 63 79 70 157 161 169 169 183 133 132 137 119 144 160 163 167 174 183 205 214 242 Greatest Support 235 | 20 20 40 40 40 42 40 22 24 24 24 24 24 28 28 28 28 28 28 36 64 160 160 235 220 193 205 195 Greatest Overweight (x) 32 | . 1 1 . 1 11 13 3 24 5 6 6 7 13 11 4 4 4 4 32 6 3 1 1 1 1 1 1 Average Overweight (x) 2 | . . . . . . 1 2 5 2 4 6 6 6 6 3 4 3 3 4 2 1 . . . . . . Largest Inventory Capacity 25 | 8 15 15 15 15 20 20 20 20 20 25 25 25 25 25 25 25 25 25 25 25 25 25 25 25 25 25 25 Average Capacity 22 | 8 13 15 15 15 16 20 20 20 20 23 25 25 25 25 25 25 25 25 25 25 25 25 25 25 25 25 24 Most Carried 25 | 8 15 15 15 15 20 20 20 20 20 25 25 25 25 25 25 25 25 25 25 25 25 25 25 25 25 25 25 Average Carried 21 | 6 11 14 14 14 16 19 19 18 18 20 24 23 24 24 24 24 24 24 24 24 24 24 24 24 23 24 24 Final Capacity 25 | 8 15 15 15 15 20 20 20 20 20 25 25 25 25 25 25 25 25 25 25 25 25 25 25 25 25 25 5 Final Carried 25 | 8 15 15 15 15 20 20 20 20 20 25 25 25 25 25 25 25 25 25 25 25 25 25 25 25 20 25 5 Class Distribution -------------------- 24% | Botlord-Mutant 21% | Botlord-Tank 19% | Bothacker-Mutant 13% | Mutant 5% | Botlord-Skirmisher 4% | Scavenger-Tank 3% | Scavenger-Skirmisher 3% | Scavenger-Mutant Dominant Class ---------------- Mutant | -10/Materials Mutant | -10/Mines Mutant | -10/Exiles Mutant | -9/Mines Scavenger-Skirmisher | -8/Materials Scavenger-Tank | -8/Garrison Bothacker-Mutant | -8/Materials Bothacker-Mutant | -8/Garrison Bothacker-Mutant | -8/Materials Bothacker-Mutant | -7/Factory Bothacker-Mutant | -7/Garrison Bothacker-Mutant | -7/Factory Botlord-Mutant | -7/Garrison Botlord-Mutant | -6/Factory Botlord-Mutant | -6/Garrison Botlord-Tank | -6/Factory Botlord-Mutant | -6/Garrison Botlord-Mutant | -5/Factory Botlord-Mutant | -5/Garrison Botlord-Tank | -4/Factory Botlord-Tank | -4/Armory Botlord-Mutant | -4/Lab Botlord-Mutant | -3/Research Botlord-Tank | -3/Garrison Botlord-Tank | -2/Research Botlord-Tank | -2/Garrison Botlord-Tank | -2/Quarantine Resources | -11 -10 -10 -10 -9 -8 -8 -8 -8 -8 -7 -7 -7 -7 -6 -6 -6 -6 -5 -5 -4 -4 -4 -3 -3 -2 -2 -2 ----------- Run | Yrd Mat Min Exi Min Mat Gar Mat Gar Mat Fac Gar Fac Gar Fac Gar Fac Gar Fac Gar Fac Arm Lab Res Gar Res Gar Qua Matter Collected 16488 | 270 580 227 . 146 1081 1080 306 925 117 52 462 385 674 364 648 67 1010 289 1593 1559 1964 90 577 824 359 831 8 Remotely 3639 | . . . . . . . . . . . 58 191 167 35 . . 537 . 321 939 1391 . . . . . . Salvage Created 17749 | 134 725 147 . 128 1424 1516 156 753 51 94 1639 91 488 559 253 31 455 657 900 1131 1953 90 1052 937 551 1766 68 Parts 774 | 10 42 19 . 9 79 79 11 27 2 9 36 3 19 31 21 5 13 23 35 43 82 8 54 28 18 68 . Haulers Intercepted 6 | . 2 . . . 4 . . . . . . . . . . . . . . . . . . . . . . Recyclers Shooed 7 | . . . . . 3 . . . . . . . . . . . . 2 . 2 . . . . . . . Parts Field Recycled . | . . . . . . . . . . . . . . . . . . . . . . . . . . . . Retrieved Matter . | . . . . . . . . . . . . . . . . . . . . . . . . . . . . Parts Self-Destructed . | . . . . . . . . . . . . . . . . . . . . . . . . . . . . Prevented . | . . . . . . . . . . . . . . . . . . . . . . . . . . . . Kills | -11 -10 -10 -10 -9 -8 -8 -8 -8 -8 -7 -7 -7 -7 -6 -6 -6 -6 -5 -5 -4 -4 -4 -3 -3 -2 -2 -2 ------- Run | Yrd Mat Min Exi Min Mat Gar Mat Gar Mat Fac Gar Fac Gar Fac Gar Fac Gar Fac Gar Fac Arm Lab Res Gar Res Gar Qua Combat Hostiles Destroyed 281 | . 15 7 . 5 25 32 3 10 1 2 9 . 7 8 23 1 13 8 16 10 29 1 16 11 7 22 . Melee 8 | . . . . . . 3 . 2 1 . 1 . 1 . . . . . . . . . . . . . . Guns 127 | . 9 . . . 14 22 3 3 . 1 6 . 2 1 . . 1 7 5 6 23 1 14 9 . . . Cannons 73 | . 4 4 . 3 5 . . 2 . 1 . . . 6 8 1 6 . 6 . . . 2 1 6 18 . AOE 63 | . 2 3 . 2 6 7 . 1 . . 2 . 4 1 14 . 6 . 5 3 2 . . 1 . 4 . Classes Destroyed 22 | 2 3 1 . . 4 5 . . . . . . 1 . . . . . 1 2 1 . 1 . . . 1 Worker 12 | . . . . . 3 . 1 . . . . . . 1 . . . 2 . 5 . . . . . . . Builder 10 | . 1 . . . 3 . . . . . . . . 2 . . . . . 2 . . 1 . 1 . . Tunneler 8 | 4 . 2 . 1 1 . . . . . . . . . . . . . . . . . . . . . . Hauler 6 | . 2 . . . 4 . . . . . . . . . . . . . . . . . . . . . . Recycler 7 | 1 . . . . 3 . . . . . . 1 . . . . . 1 . 1 . . . . . . . Mechanic 1 | . . . . . . . . . . . . . 1 . . . . . . . . . . . . . . Operator 1 | . . . . . . . . . . . . . . . . . . . . 1 . . . . . . . Watcher 2 | . . . . . . . . . . . . . . . . . . . . 1 1 . . . . . . Swarmer 52 | . . 3 . . 6 3 . . . . . . 2 1 20 . . . 5 . 5 . 3 . . 4 . Cutter 11 | . . . . . . 2 . . . . 1 . . . . . . . 4 . . . . . . 4 . Saboteur 2 | . . . . . . 1 . . . . . . . . 1 . . . . . . . . . . . . Grunt 120 | . 15 4 . 5 11 12 2 7 1 1 6 . 4 4 2 . 11 2 5 6 14 . . 2 . 6 . Brawler 6 | . . . . . 1 2 . . . . . . . . . . . 1 . . 1 . . 1 . . . Duelist 8 | . . . . . 1 2 . 1 . . . . 1 . . . 2 . . . . . . 1 . . . Sentry 23 | . . . . . 6 2 1 . . . 2 . . . . . . . . 2 1 . 2 4 . 3 . Demolisher 3 | . . . . . . . . . . . . . . . . . . . . . 1 . . . 2 . . Specialist 1 | . . . . . . 1 . . . . . . . . . . . . . . . . . . . . . Hunter 21 | . . . . . . 4 . 1 . . . . 1 2 . . . . . 2 2 . 3 2 2 2 . Programmer 35 | . . . . . . 3 . 1 . 1 1 . . 2 . 1 . 5 2 1 5 . 5 2 3 3 . Heavy 1 | . . . . . . . . . . . . . . . . . . . . . . . 1 . . . . Behemoth 3 | . . . . . . . . . . . . . . . . . . . 1 . . . . . . 2 . Tracker 1 | . . . . . . . . . . . . . . . . . . . . . . . 1 . . . . Combat Programmer 1 | . . . . . . . . . . . . . . . . . . . . . . . 1 . . . . Investigator 1 | . . . . . . . . . . . . . . . . . . . . . . . . . . . 1 Best Kill Streak 15 | 3 4 3 . 3 4 6 1 3 1 1 3 1 4 4 15 1 6 3 4 9 5 1 3 5 5 5 1 Combat Bots Only 15 | . 4 3 . 3 3 6 1 3 1 1 3 . 4 2 15 1 6 2 4 7 5 1 3 5 4 5 . Max Kills in Single Turn 5 | 1 2 3 . 1 4 3 1 1 1 1 2 1 2 2 5 1 2 1 2 4 2 1 1 2 1 3 1 Gunslinging 1 | . . . . . 1 1 . . . . . . . . . . . . . 1 . . . 1 . . . Exploded 5 | . 2 3 . 1 3 3 . 1 . . 2 . 2 1 5 . 2 . 2 1 2 . . 1 . 2 . Melee 1 | . . . . . . 1 . 1 1 . 1 . 1 . . . . . . . . . . . . . . Uniques/NPCs Destroyed 1 | . . . . . . . . . . . . . . . . . . . . . . 1 . . . . . A5 (-4/Lab) Combat | -11 -10 -10 -10 -9 -8 -8 -8 -8 -8 -7 -7 -7 -7 -6 -6 -6 -6 -5 -5 -4 -4 -4 -3 -3 -2 -2 -2 -------- Run | Yrd Mat Min Exi Min Mat Gar Mat Gar Mat Fac Gar Fac Gar Fac Gar Fac Gar Fac Gar Fac Arm Lab Res Gar Res Gar Qua Hostile Shots Fired 2185 | . 42 18 . 21 129 172 16 53 . . 43 22 138 91 49 4 118 28 147 123 157 37 79 114 115 125 344 Missed 619 | . 9 5 . 10 36 31 7 18 . . 20 9 40 29 13 1 34 10 48 48 48 6 16 30 36 24 91 Damage Taken 27800 | . 447 227 . 152 1454 1772 186 579 . . 255 223 1277 1085 488 78 1273 443 1897 1680 1789 797 846 1540 1700 2347 5265 Core 3569 | . 53 50 . 12 182 135 39 101 . . 20 31 280 152 102 18 162 39 284 185 114 53 57 43 68 136 1253 Absorbed by Shields 5257 | . . . . . . 192 . . . . 49 . 136 . 164 43 18 9 94 245 665 . 758 522 575 1119 668 Reduced by Siege Mode 676 | . . . . . . . . . . . . . . . . . . . . . 20 132 74 327 82 41 . Redirected to Shielding 249 | . . . . . . 53 . . . . . . . . . . . 99 . . . . . . . 20 77 Ignored by Resistances 319 | . . . . . . . . . . . . 17 70 232 . . . . . . . . . . . . . Regen/Repaired (Parts) 1448 | . 66 . . . . . . . . . . . . . . 100 . . . . 68 139 194 286 60 526 9 Core Remaining (%) 64 | 100 . . . 54 . . . . 16 . . . 52 . . . 48 . 67 . . 89 . 92 . . . Volleys Fired 1401 | 15 61 21 . 13 77 93 29 49 9 8 29 23 36 80 61 9 68 38 152 81 104 21 55 101 52 104 12 Largest 3 | 2 2 2 . 2 3 3 2 2 1 1 3 2 3 2 1 1 1 2 3 3 3 3 3 3 3 3 3 Hottest 450 | 40 85 70 . 70 199 144 50 114 5 81 99 66 99 125 90 75 225 225 450 105 270 195 250 195 120 120 360 Shots Fired 2333 | 30 97 41 . 21 199 180 33 57 9 8 51 23 46 80 61 9 68 50 198 136 245 57 127 168 92 220 27 Gun 1275 | 30 81 . . . 140 162 14 18 . 1 42 4 24 2 . . 4 36 127 98 225 57 109 101 . . . Cannon 628 | . 14 40 . 16 56 2 . 10 . 2 1 . . 58 36 3 34 . 27 5 3 . 16 25 68 185 27 Launcher 60 | . 2 1 . 5 3 8 . 2 . . . 1 4 . 10 . 8 . 1 . 2 . . . . 13 . Special 370 | . . . . . . 8 19 27 9 5 8 18 18 20 15 6 22 14 43 33 15 . 2 42 24 22 . Kinetic 953 | 30 84 40 . 16 120 129 14 18 . 1 42 4 22 2 7 3 34 . 115 97 162 13 . . . . . Thermal 919 | . 11 . . . 76 33 . . . . . . 2 56 29 . 4 36 36 1 63 44 125 123 68 185 27 Explosive 45 | . 2 1 . 5 3 8 . 2 . . . 1 4 . 10 . 8 . 1 . . . . . . . . Electromagnetic 46 | . . . . . . 2 . 10 . 2 1 . . 2 . . . . 3 5 5 . . 3 . 13 . Robot Hit Streak 35 | 6 13 5 . 5 8 11 6 7 8 7 13 15 7 8 10 2 7 11 21 12 20 21 11 35 15 24 2 Robot Miss Streak 10 | 2 3 3 . 1 7 3 2 2 1 1 2 2 2 2 4 2 4 3 8 10 4 1 3 3 2 4 . Penetration Max 2 | . . . . . . 1 . . . . 1 . 1 . . . . . 1 2 2 . . . . . . Secondary Targets 25 | . . . . . 4 6 . . . . 2 . . . . . . 1 1 2 5 . 1 3 . . . Max Gunslinging Chain 2 | . . . . . 1 1 . . . . 1 . . . . . . 1 1 2 1 . 1 1 . . . Shots Hit Robots 1497 | 17 61 20 . 14 110 123 31 70 9 7 87 17 44 40 24 4 43 36 134 79 165 45 74 90 50 102 1 Core Hits 680 | 8 31 10 . 11 56 67 6 23 1 2 41 1 25 14 25 1 25 14 49 43 77 14 37 35 13 51 . Critical Kills 23 | . . . . . . . 1 . . . 1 . . . 1 . . . 1 1 17 . . . . . 1 Critical Parts Destroyed 37 | . . . . . . 2 . . . . . . . . . . . 2 1 1 30 1 . . . . . Critical Strikes 91 | . 2 . . . 1 5 1 1 . . 9 . 1 . 3 . 1 2 3 2 58 1 . . . . 1 Burn 8 | . 1 . . . . 1 . . . . . . . . . . . . . . 6 . . . . . . Meltdown 2 | . . . . . . . . . . . . . . . 1 . . . . . . . . . . . 1 Destroy 61 | . . . . . . 2 1 . . . 2 . . . . . . . 2 2 51 1 . . . . . Blast 6 | . 1 . . . 1 . . . . . . . . . 2 . 1 . 1 . . . . . . . . Smash 3 | . . . . . . . . . . . . . . . . . . 2 . . 1 . . . . . . Sever 2 | . . . . . . 2 . . . . . . . . . . . . . . . . . . . . . Impale 9 | . . . . . . . . 1 . . 7 . 1 . . . . . . . . . . . . . . Melee Attacks 297 | . . . . . . 20 6 62 1 . 81 1 28 . 16 . 22 8 17 2 16 9 7 1 . . . Impact 63 | . . . . . . . . . . . . . . . 3 . 22 8 17 2 11 . . . . . . Slashing 21 | . . . . . . 20 . 1 . . . . . . . . . . . . . . . . . . . Piercing 198 | . . . . . . . . 52 1 . 81 1 28 . 13 . . . . . 5 9 7 1 . . . Sneak Attacks 26 | . . . . . . 3 6 6 1 . . . 2 . . . 2 4 . 1 1 . . . . . . Combat Hostiles 6 | . . . . . . 2 . 1 1 . . . . . . . 1 . . . 1 . . . . . . Follow-up Attacks . | . . . . . . . . . . . . . . . . . . . . . . . . . . . . Damage Inflicted 46038 | 176 894 516 . 628 2761 3240 216 2087 55 72 4168 52 2412 1401 2013 87 2831 1109 2613 3235 2997 943 2532 3325 1646 3975 54 Guns 18492 | 176 658 . . . 1484 1913 170 244 . 31 922 24 378 21 . . 140 643 1650 1790 2184 943 2269 2852 . . . Cannons 10567 | . 165 378 . 181 927 5 . 240 . 41 . . . 877 580 87 1165 . 548 13 14 . 263 107 1646 3298 32 Explosions 10222 | . 71 138 . 447 350 593 . 474 . . 242 . 1271 503 1433 . 1401 . 415 1303 538 . . 366 . 677 . Melee 6672 | . . . . . . 729 . 1129 55 . 3004 28 763 . . . 125 466 . 112 261 . . . . . . Ramming 85 | . . . . . . . 46 . . . . . . . . . . . . 17 . . . . . . 22 Kinetic 12326 | 176 680 378 . 181 1603 1549 170 244 . 31 922 24 378 21 323 87 1165 . 1557 1790 1023 24 . . . . . Thermal 16552 | . 143 . . . 808 364 . . . . . . . 870 257 . 140 643 641 33 1207 919 2532 2959 1646 3358 32 Explosive 5954 | . 71 138 . 447 350 333 . 162 . . . . 1271 226 1433 . 1401 . 27 95 . . . . . . . Electromagnetic 4449 | . . . . . . 265 . 552 . 41 242 . . 284 . . . . 388 1188 506 . . 366 . 617 . Impact 964 | . . . . . . . . . . . . . . . . . 125 466 . 112 261 . . . . . . Slashing 729 | . . . . . . 729 . . . . . . . . . . . . . . . . . . . . . Piercing 4979 | . . . . . . . . 1129 55 . 3004 28 763 . . . . . . . . . . . . . . Highest Corruption 67 | . . . . . . 6 6 12 12 . 2 3 3 6 . . . 2 15 16 25 38 5 14 8 29 67 Average Corruption 10 | . . . . . . 3 6 8 12 . 2 2 3 5 . . . 1 13 8 19 35 3 11 6 15 34 Corruption Purged 2 | . . . . . . . . . . . . . . . . . . 2 . . . . . . . . . Corruption Blocked . | . . . . . . . . . . . . . . . . . . . . . . . . . . . . Effects 594 | . . . . . . 48 16 68 11 . 7 16 25 22 . . . 9 74 26 83 33 5 49 3 83 16 Message Errors 135 | . . . . . . 13 5 15 4 . 2 2 5 8 . . . 3 10 4 19 3 . 18 2 20 2 Matter Fused 131 | . . . . . . 11 4 16 4 . 2 6 4 4 . . . 1 19 5 14 7 4 8 . 18 4 Heat Flow Errors 53 | . . . . . . 3 2 6 . . . 3 2 2 . . . 2 10 2 9 2 . 4 1 4 1 Energy Discharges 69 | . . . . . . 3 . 12 1 . 3 3 3 1 . . . . 7 6 7 3 . 6 . 12 2 Parts Rejected 11 | . . . . . . . 1 2 . . . . . . . . . . 4 1 1 . 1 . . . 1 Parts Fused 4 | . . . . . . . . . . . . . . 3 . . . . . . . 1 . . . . . Data Loss (minor) 64 | . . . . . . 8 1 11 2 . . . 4 2 . . . 2 6 1 6 5 . 6 . 7 3 Data Loss (major) 31 | . . . . . . 4 . 2 . . . . 4 1 . . . 1 3 1 5 4 . 2 . 4 . Misfires 33 | . . . . . . 2 3 3 . . . . 2 . . . . . 5 3 4 1 . 2 . 8 . Alerts 13 | . . . . . . 2 . 1 . . . 1 . . . . . . 3 . 3 . . . . 3 . Misdirections 6 | . . . . . . . . . . . . . . . . . . . 1 2 1 . . . . . 2 Weapon Failures 44 | . . . . . . 2 . . . . . 1 1 1 . . . . 6 1 14 7 . 3 . 7 1 Overload Shots 11 | . . . . . . . . . . . . . . . . . 4 4 2 . . . . . . 1 . Overflow Damage 1455 | . . 39 . . 19 8 . 100 . . 157 . 10 52 136 . 184 284 36 46 160 . 28 17 137 42 . Projectiles 436 | . . 11 . . 19 . . 15 . . . . . 28 66 . 28 26 36 . . . 28 . 137 42 . Explosions 321 | . . 28 . . . . . . . . . . 3 24 70 . 129 . . 46 4 . . 17 . . . Melee 698 | . . . . . . 8 . 85 . . 157 . 7 . . . 27 258 . . 156 . . . . . . Knockbacks 41 | . . 9 . 3 14 . 1 . . . . . . . . . 7 3 3 . 1 . . . . . . Impact 4 | . . . . . . . 1 . . . . . . . . . . 2 . . 1 . . . . . . Kinetic 34 | . . 8 . 3 13 . . . . . . . . . . . 7 . 3 . . . . . . . . Secondary 3 | . . 1 . . 1 . . . . . . . . . . . . 1 . . . . . . . . . Self-Inflicted Damage 871 | . 24 40 . 34 . . 22 . . . . . . 239 30 . 29 . 72 110 21 . . 82 . 168 . Shots 28 | . 1 1 . 3 . . . . . . . . . 3 1 . 1 . 2 1 1 . . 1 . 13 . Rammed 8 | . . . . . . . 2 . . . . . . . . . . . . 1 . . . . . . 5 Targets Rammed 8 | . . . . . . . 2 . . . . . . . . . . . . 1 . . . . . . 5 Kicked . | . . . . . . . . . . . . . . . . . . . . . . . . . . . . Crushed . | . . . . . . . . . . . . . . . . . . . . . . . . . . . . Highest Temperature 527 | . 370 204 . 132 527 203 251 251 . 72 105 198 269 186 191 20 193 196 326 229 284 306 . 228 223 138 465 Average Temperature 86 | . 125 77 . 51 226 63 126 85 . 38 46 71 52 68 50 10 32 85 83 52 83 101 . 93 122 37 134 Received Heat Transfer 4596 | . 240 105 . 69 729 435 81 225 . . 50 42 345 96 81 4 462 36 196 93 224 . 20 111 157 336 459 Effects 26 | . 6 . . . 15 . . . . . . . . . . . . . . . 3 . . . . . 2 Shutdowns 3 | . 1 . . . . . . . . . . . . . . . . . . . . . . . . . 2 Energy Bleed 1 | . 1 . . . . . . . . . . . . . . . . . . . . . . . . . . Interference 9 | . 2 . . . 4 . . . . . . . . . . . . . . . 3 . . . . . . Matter Decay 1 | . . . . . 1 . . . . . . . . . . . . . . . . . . . . . . Short Circuit 1 | . 1 . . . . . . . . . . . . . . . . . . . . . . . . . . Damage (minor) 1 | . 1 . . . . . . . . . . . . . . . . . . . . . . . . . . Damage (major) 9 | . . . . . 9 . . . . . . . . . . . . . . . . . . . . . . Damage (core) 1 | . . . . . 1 . . . . . . . . . . . . . . . . . . . . . . Siege Activations 28 | . . . . . . . . . . . . . . . . . . . . . 3 1 12 4 4 4 . Total Turns 451 | . . . . . . . . . . . . . . . . . . . . . 26 46 113 120 60 86 . Longest Duration 51 | . . . . . . . . . . . . . . . . . . . . . 11 46 24 51 30 44 . Robots Corrupted 7 | . . . . . . . . 2 . . . . . . . . . . . 2 3 . . . . . . Combat Hostiles 6 | . . . . . . . . 2 . . . . . . . . . . . 1 3 . . . . . . Parts Fried 31 | . . . . . . . . 1 . . 2 . . . . . . 6 1 8 3 . . 4 . 6 . Impact Corruptions 9 | . . . . . . . . . . . . . . . . . 1 6 . . 2 . . . . . . Robots Melted 3 | . . . . . . . . . . . . . . . 1 . . . . . . . . . 1 . 1 Combat Hostiles 2 | . . . . . . . . . . . . . . . 1 . . . . . . . . . 1 . . Parts Melted 57 | . 1 . . . 2 . . 1 . . . . . 6 2 . . 1 5 . 3 1 5 8 6 12 4 Heat Transferred 20439 | . 407 . . . 1813 851 . . . . . . . 1300 400 . 150 927 951 50 2122 1293 2663 2942 1443 3109 18 Parts Sabotaged 13 | . . . . . . 11 . . . . . . . . . . . . . . . . . . . . 2 Parts Stolen . | . . . . . . . . . . . . . . . . . . . . . . . . . . . . Parts Stripped . | . . . . . . . . . . . . . . . . . . . . . . . . . . . . Power Chain Reactions 4 | . . . . . . . . . . . . . . 1 . . . . . . 1 . . . . 2 . Latent Energy Used 2516 | . . . . . . 185 . 278 . . 124 . . 325 . . . . 240 859 188 . . 317 . . . LE Corruption 45 | . . . . . . 4 . 5 . . 2 . . 5 . . . . 5 13 5 . . 6 . . . Alert | -11 -10 -10 -10 -9 -8 -8 -8 -8 -8 -7 -7 -7 -7 -6 -6 -6 -6 -5 -5 -4 -4 -4 -3 -3 -2 -2 -2 ------- Run | Yrd Mat Min Exi Min Mat Gar Mat Gar Mat Fac Gar Fac Gar Fac Gar Fac Gar Fac Gar Fac Arm Lab Res Gar Res Gar Qua Peak Influence 1679 | 25 270 206 . 140 302 1588 918 1070 536 241 1108 648 733 476 900 520 1152 585 1248 1171 522 . 337 720 536 1054 1679 Initial 774 | . 16 32 . . 1 65 774 120 521 131 10 581 137 384 . 472 223 585 116 655 205 . . 252 405 135 592 Average 442 | 12 82 62 . 42 159 806 629 482 240 109 584 414 510 260 521 456 816 270 650 660 384 . 93 465 365 561 1610 Maximum Alert Level 5 | . 1 1 . . 1 4 3 3 2 1 4 2 3 2 3 2 4 2 4 4 2 . 1 3 2 3 5 Low Security (%) 28 | 100 91 89 . 100 73 5 5 9 32 77 9 36 7 25 20 . . 57 7 . 1 . 79 . 6 3 . Level 1 23 | . 8 10 . . 26 15 28 44 62 22 25 . 3 71 2 27 11 8 12 17 53 . 20 28 42 42 . Level 2 25 | . . . . . . 15 8 19 4 . 34 62 79 2 42 72 7 33 38 29 44 . . 60 50 21 . Level 3 18 | . . . . . . 42 58 26 . . 23 . 9 . 35 . 69 . 24 48 . . . 10 . 31 . Level 4 3 | . . . . . . 21 . . . . 7 . . . . . 11 . 17 3 . . . . . . . Level 5 . | . . . . . . . . . . . . . . . . . . . . . . . . . . . . High Security . | . . . . . . . . . . . . . . . . . . . . . . . . . . . . Max Security . | . . . . . . . . . . . . . . . . . . . . . . . . . . . 99 Squads Dispatched 67 | . 4 . . . 5 . 2 . 2 2 . 2 . 5 . 3 . 3 . 8 5 . 6 . 6 . 14 Investigation 7 | . 2 . . . 2 . . . . . . . . 1 . . . . . . 1 . . . 1 . . Extermination 14 | . . . . . . . . . . . . 1 . 2 . 1 . 3 . 1 3 . 2 . 1 . . Reinforcement 17 | . 2 . . . . . 2 . 2 1 . . . 2 . . . . . 4 1 . 2 . 1 . . Assault 18 | . . . . . . . . . . . . . . . . 2 . . . 2 . . . . 1 . 13 Garrison 9 | . . . . . 3 . . . . 1 . 1 . . . . . . . 1 . . . . 2 . 1 Intercept 2 | . . . . . . . . . . . . . . . . . . . . . . . 2 . . . . Searches Triggered . | . . . . . . . . . . . . . . . . . . . . . . . . . . . . Construction Impeded 2 | . . . . . . . . . . . . . . . . . . . . 1 . . . . 1 . . Haulers Reinforced 2 | . . . . . . . . . . . . . . . . . . . . 2 . . . . . . . Active Scanning Responses . | . . . . . . . . . . . . . . . . . . . . . . . . . . . . Cargo Convoy Interrupts . | . . . . . . . . . . . . . . . . . . . . . . . . . . . . Stealth | -11 -10 -10 -10 -9 -8 -8 -8 -8 -8 -7 -7 -7 -7 -6 -6 -6 -6 -5 -5 -4 -4 -4 -3 -3 -2 -2 -2 --------- Run | Yrd Mat Min Exi Min Mat Gar Mat Gar Mat Fac Gar Fac Gar Fac Gar Fac Gar Fac Gar Fac Arm Lab Res Gar Res Gar Qua Distress Signals 22 | . 1 . . . 5 . 2 . 1 1 . 1 . . . . . 2 . 2 1 . 2 2 1 . 1 Communications Jammed 315 | . . . . . . . . . . . . 6 . 49 . 10 . 39 . 211 . . . . . . . Distress Signals 313 | . . . . . . . . . . . . 6 . 47 . 10 . 39 . 211 . . . . . . . Times Spotted 758 | . 40 5 . 5 37 42 19 34 9 6 29 12 30 24 29 16 37 26 54 48 52 1 24 30 24 50 75 Peak Tracking Total 47 | . 5 2 . 3 4 5 4 4 3 4 5 3 11 5 15 9 7 5 7 9 6 1 4 7 5 7 47 Tactical Retreats 23 | . . 1 . . 1 1 . 1 . . . . 1 1 1 1 1 . 6 . . . 2 . . 3 3 Traps | -11 -10 -10 -10 -9 -8 -8 -8 -8 -8 -7 -7 -7 -7 -6 -6 -6 -6 -5 -5 -4 -4 -4 -3 -3 -2 -2 -2 ------- Run | Yrd Mat Min Exi Min Mat Gar Mat Gar Mat Fac Gar Fac Gar Fac Gar Fac Gar Fac Gar Fac Arm Lab Res Gar Res Gar Qua Traps Triggered 51 | . 1 . . . . 9 . 3 . . 4 . 3 1 4 2 5 1 6 2 3 . 1 2 . 4 . Indirectly 2 | . . . . . . 1 . . . . . . . . . . . . . . . . . 1 . . . Trap Hack Attempts 4 | . . . . . . . . 4 . . . . . . . . . . . . . . . . . . . Triggered . | . . . . . . . . . . . . . . . . . . . . . . . . . . . . Disarmed 1 | . . . . . . . . 1 . . . . . . . . . . . . . . . . . . . Reprogrammed . | . . . . . . . . . . . . . . . . . . . . . . . . . . . . Reused . | . . . . . . . . . . . . . . . . . . . . . . . . . . . . Traps Extracted . | . . . . . . . . . . . . . . . . . . . . . . . . . . . . Installed . | . . . . . . . . . . . . . . . . . . . . . . . . . . . . Triggered 1 | . . . . . . . . . . . . . . . . . . . 1 . . . . . . . . Machines | -11 -10 -10 -10 -9 -8 -8 -8 -8 -8 -7 -7 -7 -7 -6 -6 -6 -6 -5 -5 -4 -4 -4 -3 -3 -2 -2 -2 ---------- Run | Yrd Mat Min Exi Min Mat Gar Mat Gar Mat Fac Gar Fac Gar Fac Gar Fac Gar Fac Gar Fac Arm Lab Res Gar Res Gar Qua Machines Disabled 92 | . 1 . . . 2 10 . 12 . . 8 . 4 9 6 . 6 . 5 12 8 1 . 1 . 3 4 Max in Single Turn 3 | . 1 . . . 1 2 . 1 . . 1 . 1 3 1 . 1 . 1 2 1 1 . 1 . 2 2 Garrison Access 4 | . . . . . . . . . . 2 . . . . . . . . . 1 . . . . . . 1 Garrison Relay 38 | . . . . . . 6 . 5 . . 3 . 3 . 4 . 4 . 4 . . . . 4 . 5 . Phase Generator 2 | . . . . . . 1 . . . . . . . . . . . . . . . . . . . 1 . Machines Repaired . | . . . . . . . . . . . . . . . . . . . . . . . . . . . . Machines Dismantled 9 | . . . . . . . . . . . . . . . . . . . . . . . . 4 . 5 . Machines Sabotaged . | . . . . . . . . . . . . . . . . . . . . . . . . . . . . Overloaded Fab Kills . | . . . . . . . . . . . . . . . . . . . . . . . . . . . . Hacking | -11 -10 -10 -10 -9 -8 -8 -8 -8 -8 -7 -7 -7 -7 -6 -6 -6 -6 -5 -5 -4 -4 -4 -3 -3 -2 -2 -2 --------- Run | Yrd Mat Min Exi Min Mat Gar Mat Gar Mat Fac Gar Fac Gar Fac Gar Fac Gar Fac Gar Fac Arm Lab Res Gar Res Gar Qua Machines Accessed 90 | . 9 . 2 . 7 2 4 3 2 8 2 4 4 3 3 4 2 8 2 2 7 2 3 2 3 2 . Terminals 64 | . 7 . . . 5 2 3 3 2 4 2 2 4 2 3 2 2 7 2 1 5 . . 2 2 2 . Fabricators 3 | . . . . . . . . . . 1 . . . . . . . . . . 1 . 1 . . . . Repair Stations 4 | . 1 . . . . . . . . . . 1 . . . 1 . . . . 1 . . . . . . Recycling Units 1 | . 1 . . . . . . . . . . . . . . . . . . . . . . . . . . Scanalyzers 2 | . . . . . 1 . . . . . . . . . . . . . . . . . 1 . . . . Garrison Access 12 | . . . . . 1 . 1 . . 3 . 1 . 1 . 1 . 1 . 1 . . 1 . 1 . . Total Hacks 218 | . 21 . 2 . 19 5 8 7 8 20 3 6 8 7 6 8 4 21 3 4 21 19 4 4 6 4 . Successful 98 | . 13 . 2 . 6 1 3 1 2 10 . 2 . 3 3 6 2 9 2 3 7 19 1 1 2 . . Failed 119 | . 8 . . . 12 4 5 6 6 10 3 4 8 4 3 2 2 12 1 1 14 . 3 3 4 4 . Catastrophic 29 | . . . . . 4 . 2 . 3 2 2 1 2 . . 1 1 5 . . 4 . 1 . . 1 . Database Lockouts 1 | . . . . . 1 . . . . . . . . . . . . . . . . . . . . . . Manual 79 | . 7 . 1 . 11 . 7 . 8 10 . 2 . 4 . 4 . 9 . 1 11 1 . . 3 . . Terminals 164 | . 18 . . . 15 5 7 7 8 15 3 3 8 6 6 5 4 20 3 3 15 . . 4 5 4 . Fabricators 7 | . . . . . . . . . . 2 . . . . . . . . . . 3 . 2 . . . . Repair Stations 9 | . 2 . . . . . . . . . . 2 . . . 2 . . . . 3 . . . . . . Recycling Units 1 | . 1 . . . . . . . . . . . . . . . . . . . . . . . . . . Scanalyzers 4 | . . . . . 3 . . . . . . . . . . . . . . . . . 1 . . . . Garrison Access 12 | . . . . . 1 . 1 . . 3 . 1 . 1 . 1 . 1 . 1 . . 1 . 1 . . Terminal Hacks 57 | . 8 . 2 . 3 1 1 1 . 5 . . . . 3 1 2 5 2 1 2 19 . 1 . . . Record 20 | . . . 1 . . . . . . . . . . . . . . . . . . 19 . . . . . Part Schematic 1 | . . . . . . . . . . 1 . . . . . . . . . . . . . . . . . Robot Analysis 3 | . 2 . . . 1 . . . . . . . . . . . . . . . . . . . . . . Prototype ID Bank 5 | . 2 . . . . . . . . 1 . . . . . 1 . 1 . . . . . . . . . Open Door 2 | . . . . . . . . . . . . . . . 1 . 1 . . . . . . . . . . Branch Access Points 2 | . . . . . . . . . . 1 . . . . . . . . . 1 . . . . . . . Emergency Access Points 4 | . . . . . . 1 . . . . . . . . 1 . 1 . 1 . . . . . . . . Terminal Index 1 | . . . . . . . . . . 1 . . . . . . . . . . . . . . . . . Garrison Index 2 | . . . . . . . . . . 1 . . . . . . . 1 . . . . . . . . . Alert Level 1 | . . . . . 1 . . . . . . . . . . . . . . . . . . . . . . Unreport Threat 8 | . 3 . . . 1 . 1 . . . . . . . . . . 2 . . 1 . . . . . . Locate Traps 1 | . . . . . . . . . . . . . . . . . . 1 . . . . . . . . . Hauler Manifests 1 | . 1 . . . . . . . . . . . . . . . . . . . . . . . . . . Zone Layout 1 | . . . . . . . . . . . . . . . . . . . . . 1 . . . . . . Garrison Registry 1 | . . . . . . . . . . . . . . . . . . . 1 . . . . . . . . Patrol Navigation 1 | . . . . . . . . . . . . . . . 1 . . . . . . . . . . . . Security Stations 2 | . . . . . . . . 1 . . . . . . . . . . . . . . . 1 . . . Derelict Proto ID Bank 1 | . . . 1 . . . . . . . . . . . . . . . . . . . . . . . . Fabricator Hacks 1 | . . . . . . . . . . . . . . . . . . . . . 1 . . . . . . Network Status 1 | . . . . . . . . . . . . . . . . . . . . . 1 . . . . . . Repair Station Hacks 7 | . 2 . . . . . . . . . . 1 . . . 2 . . . . 2 . . . . . . Scan Component 4 | . 1 . . . . . . . . . . 1 . . . 1 . . . . 1 . . . . . . Repair 3 | . 1 . . . . . . . . . . . . . . 1 . . . . 1 . . . . . . Recycling Unit Hacks . | . . . . . . . . . . . . . . . . . . . . . . . . . . . . Scanalyzer 1 | . . . . . 1 . . . . . . . . . . . . . . . . . . . . . . Insert Component 1 | . . . . . 1 . . . . . . . . . . . . . . . . . . . . . . Garrison Access Hacks 12 | . . . . . 1 . 1 . . 3 . 1 . 1 . 1 . 1 . 1 . . 1 . 1 . . Unlock Access 9 | . . . . . 1 . 1 . . 1 . 1 . 1 . 1 . 1 . . . . 1 . 1 . . Seal Access 3 | . . . . . . . . . . 2 . . . . . . . . . 1 . . . . . . . Unauthorized Hacks 20 | . 3 . . . 1 . 1 . 2 2 . . . 2 . 2 . 3 . 1 2 . . . 1 . . Terminals 19 | . 2 . . . 1 . 1 . 2 2 . . . 2 . 2 . 3 . 1 2 . . . 1 . . Botnet 14 | . 2 . . . 1 . 1 . 2 2 . . . 1 . 1 . . . 1 2 . . . 1 . . Operators 5 | . . . . . . . . . . . . . . 1 . 1 . 3 . . . . . . . . . Fabricators . | . . . . . . . . . . . . . . . . . . . . . . . . . . . . Repair Stations . | . . . . . . . . . . . . . . . . . . . . . . . . . . . . Recycling Units 1 | . 1 . . . . . . . . . . . . . . . . . . . . . . . . . . Tunnel 1 | . 1 . . . . . . . . . . . . . . . . . . . . . . . . . . Scanalyzers . | . . . . . . . . . . . . . . . . . . . . . . . . . . . . Garrison Access . | . . . . . . . . . . . . . . . . . . . . . . . . . . . . Data Cores Recovered 2 | . . . . . . . . . . 1 . . . . . 1 . . . . . . . . . . . Used 2 | . . . . . . . . . . 1 . . . . . 1 . . . . . . . . . . . Hacking Detections 72 | . 8 . . . 6 2 4 2 2 5 2 4 4 2 3 2 1 8 . 1 6 . 3 2 3 2 . Full Trace Events 4 | . . . . . 2 . . . . . . . 1 . . . . . . . . . . . 1 . . Feedback Events . | . . . . . . . . . . . . . . . . . . . . . . . . . . . . Feedback Blocked . | . . . . . . . . . . . . . . . . . . . . . . . . . . . . Robot Schematics Acquired . | . . . . . . . . . . . . . . . . . . . . . . . . . . . . Robots Built . | . . . . . . . . . . . . . . . . . . . . . . . . . . . . Authchips . | . . . . . . . . . . . . . . . . . . . . . . . . . . . . Time . | . . . . . . . . . . . . . . . . . . . . . . . . . . . . Total Robot Build Rating . | . . . . . . . . . . . . . . . . . . . . . . . . . . . . Part Schematics Acquired 1 | . . . . . . . . . . 1 . . . . . . . . . . . . . . . . . Parts Built . | . . . . . . . . . . . . . . . . . . . . . . . . . . . . Authchips . | . . . . . . . . . . . . . . . . . . . . . . . . . . . . Time . | . . . . . . . . . . . . . . . . . . . . . . . . . . . . Total Part Build Rating . | . . . . . . . . . . . . . . . . . . . . . . . . . . . . Parts Repaired 3 | . 1 . . . . . . . . . . . . . . 1 . . . . 1 . . . . . . Time 104 | . 26 . . . . . . . . . . . . . . 44 . . . . 34 . . . . . . Parts Recycled . | . . . . . . . . . . . . . . . . . . . . . . . . . . . . Recycled Matter . | . . . . . . . . . . . . . . . . . . . . . . . . . . . . Retrieved Matter . | . . . . . . . . . . . . . . . . . . . . . . . . . . . . Retrieved Components . | . . . . . . . . . . . . . . . . . . . . . . . . . . . . Parts Scanalyzed 1 | . . . . . 1 . . . . . . . . . . . . . . . . . . . . . . Part Schematics Acquired . | . . . . . . . . . . . . . . . . . . . . . . . . . . . . Parts Damaged . | . . . . . . . . . . . . . . . . . . . . . . . . . . . . Bothacking | -11 -10 -10 -10 -9 -8 -8 -8 -8 -8 -7 -7 -7 -7 -6 -6 -6 -6 -5 -5 -4 -4 -4 -3 -3 -2 -2 -2 ------------ Run | Yrd Mat Min Exi Min Mat Gar Mat Gar Mat Fac Gar Fac Gar Fac Gar Fac Gar Fac Gar Fac Arm Lab Res Gar Res Gar Qua Used RIF Installer 9 | . . . . . . 1 . 1 . . 1 . 1 . 1 . 1 . 1 . . . . 2 . . . Command Fork 1 | . . . . . . . . . . . . . . . . . 1 . . . . . . . . . . Threat Obfuscator 2 | . . . . . . . . . . . 1 . . . . . . . . . . . . 1 . . . Zone Cloak 1 | . . . . . . . . . . . . . 1 . . . . . . . . . . . . . . Watcher Feeds 1 | . . . . . . . . . . . . . . . . . . . 1 . . . . . . . . Program Shield 1 | . . . . . . . . 1 . . . . . . . . . . . . . . . . . . . Autooverride 1 | . . . . . . . . . . . . . . . 1 . . . . . . . . . . . . Crosswire 1 | . . . . . . . . . . . . . . . . . . . . . . . . 1 . . . Robots Hacked 205 | . . . . . . 3 10 16 4 2 6 7 10 11 6 2 16 9 17 15 5 . 2 22 20 18 4 Non-combat 27 | . . . . . . . 5 . 1 . 1 3 . 5 . 2 . 6 . 3 . . . . 1 . . Combat 178 | . . . . . . 3 5 16 3 2 5 4 10 6 6 . 16 3 17 12 5 . 2 22 19 18 4 Autooverrided 29 | . . . . . . . . . . . . . . . . . 5 . 4 2 3 . 1 3 1 6 4 Robot Hacks Applied 220 | . . . . . . 4 16 17 8 3 6 13 11 13 6 2 13 10 15 23 3 . 1 24 19 13 . parse_system 15 | . . . . . . 1 1 2 2 1 1 1 . 1 . . . 1 2 . . . . 2 . . . map_walls 1 | . . . . . . . 1 . . . . . . . . . . . . . . . . . . . . drop_inventory 8 | . . . . . . . 1 . . . . . . 1 . . . 3 . 2 . . . . 1 . . locate_stockpiles 1 | . . . . . . . . . . . . . . . . . . 1 . . . . . . . . . purge_threat 21 | . . . . . . . 4 . 3 . . 3 . 2 . . . . . 9 . . . . . . . locate_traps 1 | . . . . . . . . . 1 . . . . . . . . . . . . . . . . . . block_reporting 2 | . . . . . . . 1 . . . . 1 . . . . . . . . . . . . . . . map_route 7 | . . . . . . . 1 . . . . 1 . 2 . 1 . 2 . . . . . . . . . scatter_targeting 2 | . . . . . . . 1 . . . . . . . . . 1 . . . . . . . . . . overload_power 7 | . . . . . . . . . . . . . . . . . . . 1 1 . . . 5 . . . amplify_resonance 16 | . . . . . . . . 1 . . 2 . 3 1 . . 1 1 2 . . . . 3 1 1 . reboot_system 10 | . . . . . . 1 . 1 . . . 1 . . . . 2 . . . . . . 1 2 2 . go_dormant 1 | . . . . . . . . . . . . . . . . . . . . . 1 . . . . . . overwrite_iff 42 | . . . . . . . 1 2 1 . 2 1 2 2 3 . 2 . 3 3 . . . 10 6 4 . streamctrl_low 1 | . . . . . . . . . . . . . . . . . . 1 . . . . . . . . . streamctrl_high 3 | . . . . . . . 1 1 . . . . . . . . 1 . . . . . . . . . . formatsys_low 6 | . . . . . . . 1 . . . . 2 . 1 . 1 . . . 1 . . . . . . . formatsys_high 76 | . . . . . . 2 3 10 1 2 1 3 6 3 3 . 6 1 7 7 2 . 1 3 9 6 . Relay Couplers Released 160 | . . . . . . 20 . 26 . . 14 . 10 . 16 . 17 . 15 . . . . 18 . 22 2 Machine Destruction 149 | . . . . . . 20 . 23 . . 10 . 10 . 16 . 17 . 15 . . . . 18 . 18 2 Programmers 11 | . . . . . . . . 3 . . 4 . . . . . . . . . . . . . . 4 . Attached 88 | . . . . . . 3 5 7 3 1 2 3 6 3 4 1 8 2 11 7 2 . 1 8 6 5 . Crosswired 18 | . . . . . . . . . . . . . . . . . . . . . . . . 11 . 7 . Fabnet Peak Effective % . | . . . . . . . . . . . . . . . . . . . . . . . . . . . . Robots Rewired 51 | . . . . . . 2 . 3 . . 6 . . . 3 . 12 1 11 . 4 . . 5 . 4 . Allies Hacked 2 | . . . . . . . . 1 . . . . . . . . . . . . . . . . . 1 . Hacks Repelled . | . . . . . . . . . . . . . . . . . . . . . . . . . . . . Allies | -11 -10 -10 -10 -9 -8 -8 -8 -8 -8 -7 -7 -7 -7 -6 -6 -6 -6 -5 -5 -4 -4 -4 -3 -3 -2 -2 -2 -------- Run | Yrd Mat Min Exi Min Mat Gar Mat Gar Mat Fac Gar Fac Gar Fac Gar Fac Gar Fac Gar Fac Arm Lab Res Gar Res Gar Qua Total Allies 211 | . . . . . . 4 6 16 2 2 9 5 8 6 9 1 27 3 25 16 9 . 2 21 16 20 4 Largest Group 11 | . . . . . . 2 4 6 3 5 8 8 7 4 5 4 6 8 11 7 5 . 2 8 7 6 2 Highest-Rated Group 435 | . . . . . . 39 78 110 58 121 203 180 166 123 183 121 293 151 435 342 167 . 193 334 376 338 75 Highest-Rated Ally 137 | . . . . . . 24 26 26 24 32 32 32 32 47 47 46 95 49 85 64 56 . 137 137 69 116 58 Total Orders 65 | . . . . . . . 2 8 . . 4 2 11 2 1 . 6 6 2 7 3 . . . 3 8 . STAY 32 | . . . . . . . 1 4 . . 2 1 7 . 1 . 3 2 1 4 2 . . . 1 3 . ROAM 3 | . . . . . . . . . . . . . . . . . . . . . . . . . . 3 . FOLLOW 28 | . . . . . . . 1 4 . . 2 1 4 . . . 3 4 1 3 1 . . . 2 2 . EXPLORE 2 | . . . . . . . . . . . . . . 2 . . . . . . . . . . . . . Ally Attacks 1117 | . . . . . . 2 31 76 8 5 71 25 65 29 36 16 95 42 144 108 48 . 21 72 73 142 8 Total Damage 32422 | . . . . . . 33 486 1393 102 105 1709 691 1531 712 1158 473 2513 1158 3002 4575 1446 . 1136 2141 2360 5418 280 Kills 209 | . . . . . . . 4 8 3 1 19 8 15 2 6 2 21 9 26 26 14 . 6 15 5 19 . Allies Corrupted 7 | . . . . . . . . . . . . 1 . . . . . . 3 1 . . . . . 1 1 Allies Melted 2 | . . . . . . . . . . . . . . . . . . . . 1 1 . . . . . . Intel | -11 -10 -10 -10 -9 -8 -8 -8 -8 -8 -7 -7 -7 -7 -6 -6 -6 -6 -5 -5 -4 -4 -4 -3 -3 -2 -2 -2 ------- Run | Yrd Mat Min Exi Min Mat Gar Mat Gar Mat Fac Gar Fac Gar Fac Gar Fac Gar Fac Gar Fac Arm Lab Res Gar Res Gar Qua Robot Analysis Total 3 | . 2 . . . 1 . . . . . . . . . . . . . . . . . . . . . . Derelict Logs Recovered 2 | . . 2 . . . . . . . . . . . . . . . . . . . . . . . . . Drone Launches 3 | . . . . . . . . . . . . . . 3 . . . . . . . . . . . . . Drone Recoveries 1 | . . . . . . . . . . . . . . 1 . . . . . . . . . . . . . Exploration | -11 -10 -10 -10 -9 -8 -8 -8 -8 -8 -7 -7 -7 -7 -6 -6 -6 -6 -5 -5 -4 -4 -4 -3 -3 -2 -2 -2 ------------- Run | Yrd Mat Min Exi Min Mat Gar Mat Gar Mat Fac Gar Fac Gar Fac Gar Fac Gar Fac Gar Fac Arm Lab Res Gar Res Gar Qua Turns Passed 32754 | 96 1886 1164 543 519 1750 2284 605 2220 288 1008 1576 740 1547 1314 1318 555 1673 1195 1906 1033 1497 489 1154 1352 797 1989 256 Spaces Moved 14609 | 40 950 586 339 283 614 891 409 884 180 608 624 360 647 535 663 310 804 639 769 542 683 168 499 572 261 667 82 Core 68 | . . . . . 7 2 . 58 . . . . . . . . . . 1 . . . . . . . . Treads 4447 | . . 169 339 283 607 626 . . . . . . . . . . . . . . 174 168 499 572 261 667 82 Legs 1407 | 40 950 417 . . . . . . . . . . . . . . . . . . . . . . . . . Wheels 8660 | . . . . . . 263 409 826 180 608 624 360 647 535 663 310 804 639 741 542 509 . . . . . . Hover 27 | . . . . . . . . . . . . . . . . . . . 27 . . . . . . . . Flight . | . . . . . . . . . . . . . . . . . . . . . . . . . . . . Fastest Speed 110 | 120 120 160 160 160 152 115 110 110 120 120 180 180 175 160 145 160 145 145 120 110 130 160 160 158 158 158 166 Average Speed 175 | 120 166 181 160 161 217 205 117 204 121 160 180 181 200 198 159 160 155 156 168 134 144 215 165 159 229 223 241 Slowest Speed 1650 | 120 190 190 160 240 600 700 125 1250 165 180 180 195 285 310 160 160 160 160 1650 180 250 250 250 246 238 246 246 Overloaded Moves . | . . . . . . . . . . . . . . . . . . . . . . . . . . . . Propulsion Burnouts . | . . . . . . . . . . . . . . . . . . . . . . . . . . . . Robots Hopped . | . . . . . . . . . . . . . . . . . . . . . . . . . . . . Cave-ins Triggered . | . . . . . . . . . . . . . . . . . . . . . . . . . . . . Teleports 1 | . . . . . . . . . . . . . . . . . . . . . . 1 . . . . . Exploration Rate (%) 52 | 4 95 98 70 42 51 94 40 94 27 21 87 12 84 41 82 12 76 21 74 29 54 96 18 72 11 66 11 Regions Visited 27 Branch Regions 6 Pre-discovered Areas 3 | . 1 . 1 1 . . . . . . . . . . . . . . . . . . . . . . . Known Exits Taken 11 | . . . . . 1 . 1 . . 1 . 1 . 1 . 1 . 1 . 1 . 1 1 . 1 . . Unknown Exits Taken 7 | 1 1 1 1 1 . . . . 1 . . . . . . . . . . . 1 . . . . . . Scrap Searched 2 | . . 1 . 1 . . . . . . . . . . . . . . . . . . . . . . . Spaces Dug 278 | . 9 14 . . . 15 . . . . 4 14 . 12 1 1 7 5 15 97 7 1 12 35 11 8 10 Terrain Destroyed 872 | . 18 14 . 26 26 91 . 6 . . 8 16 9 114 79 3 76 6 18 123 13 1 21 43 21 121 19 Melee 32 | . . . . . . . . . . . 4 . . . 1 . 3 3 7 1 7 1 5 . . . . Projectile 198 | . . . . . 9 2 . 2 . . 3 2 . 19 4 3 15 3 3 18 . . 16 17 21 42 19 AOE 634 | . 18 14 . 26 17 89 . 4 . . . 14 9 95 74 . 58 . 7 104 . . . 26 . 79 . Terrain Rammed . | . . . . . . . . . . . . . . . . . . . . . . . . . . . . Walls Destroyed . | . . . . . . . . . . . . . . . . . . . . . . . . . . . . Machines Disabled . | . . . . . . . . . . . . . . . . . . . . . . . . . . . . Actions | -11 -10 -10 -10 -9 -8 -8 -8 -8 -8 -7 -7 -7 -7 -6 -6 -6 -6 -5 -5 -4 -4 -4 -3 -3 -2 -2 -2 --------- Run | Yrd Mat Min Exi Min Mat Gar Mat Gar Mat Fac Gar Fac Gar Fac Gar Fac Gar Fac Gar Fac Arm Lab Res Gar Res Gar Qua Total 19413 | 61 1160 648 340 325 882 1171 518 1181 243 633 909 430 811 717 834 362 1105 777 1225 743 1033 244 709 844 390 1006 112 Wait 1023 | . 110 23 . 23 83 26 33 54 43 4 16 20 12 41 12 28 60 29 74 25 90 5 79 42 33 57 1 Move 14587 | 39 949 585 338 282 614 889 409 883 179 608 622 360 646 535 662 310 802 639 767 541 682 167 499 571 261 666 82 Hop . | . . . . . . . . . . . . . . . . . . . . . . . . . . . . Pick Up 295 | 4 12 3 1 1 16 35 9 19 2 5 11 6 13 7 14 3 16 7 27 9 22 2 9 13 4 24 1 Fast Attach 216 | 1 3 2 . . 20 13 4 15 . 3 2 2 12 8 2 3 4 10 21 11 14 16 17 12 4 15 2 Attach 102 | . . . . . 6 7 3 6 2 2 . 2 7 3 3 2 10 4 13 9 5 . 4 1 7 5 1 Detach 70 | . 1 . . . 3 . 2 3 1 2 . 1 5 7 2 1 1 4 10 4 4 1 6 3 3 6 . Swap 454 | . 11 6 . 4 26 28 10 23 4 1 20 11 23 20 10 2 14 7 32 31 57 8 14 35 19 37 1 Drop 391 | 2 13 8 1 2 37 39 11 25 1 . 14 4 13 16 13 4 7 12 27 12 35 15 19 20 6 32 3 Fire 1401 | 15 61 21 . 13 77 93 29 49 9 8 29 23 36 80 61 9 68 38 152 81 104 21 55 101 52 104 12 Melee 297 | . . . . . . 20 6 62 1 . 81 1 28 . 16 . 22 8 17 2 16 9 7 1 . . . Ram 4 | . . . . . . . 2 . . . . . . . . . . . . 1 . . . . . . 1 Kick . | . . . . . . . . . . . . . . . . . . . . . . . . . . . . Crush 4 | . . . . . . . . . . . . . . . . . . . . . . . . . . . 4 Escape Stasis 212 | . . . . . . 12 . 38 . . 32 . 16 . 32 . 16 . 44 16 . . . . . 2 4 Rewire 322 | . . . . . . 9 . . 1 . 82 . . . 7 . 85 19 41 1 4 . . 29 1 43 . Trap 4 | . . . . . . . . 4 . . . . . . . . . . . . . . . . . . . Miscellaneous 31 | . . . . . . . . . . . . . . . . . . . . . . . . 16 . 15 . Route ------- -11/Scrapyard -10/Materials (discovered 5 exits: [*Mat x3] / [*Min x2]) -10/Mines (discovered 4 exits: [*Mat x2] / *Exi / [*Sub]) -10/Exiles (discovered 2 exits: [*Min x2]) -9/Mines -8/Materials (discovered 2 exits: [*Sto] / Gar) -8/Garrison (discovered 4 exits: *Mat x4) -8/Materials -8/Garrison (discovered 4 exits: *Fac x3 / *Mat) -8/Materials -7/Factory (discovered 4 exits: *Fac / *Low x2 / Gar) -7/Garrison (discovered 3 exits: *Fac x3) -7/Factory -7/Garrison (discovered 3 exits: *Fac x3) -6/Factory (discovered 2 exits: *Fac / Gar) -6/Garrison (discovered 3 exits: *Fac x3) -6/Factory -6/Garrison (discovered 3 exits: *Fac x3) -5/Factory (discovered 2 exits: [*Upp] / Gar) -5/Garrison (discovered 3 exits: *Fac x3) -4/Factory (discovered 4 exits: *Res / *Upp x2 / *Arm) -4/Armory -4/Lab -3/Research -3/Garrison (discovered 2 exits: *Res x2) -2/Research -2/Garrison (discovered 2 exits: [*Qua x2]) -2/Quarantine History --------- Turn | Location | Event 16 | -11/Scrapyard | Discovered new exit (range 2) 97 | -11/Scrapyard | Entered Materials 176 | -10/Materials | Discovered new exit (range 9) 298 | -10/Materials | Discovered new exit (range 15) 316 | -10/Materials | Build established: Mutant 606 | -10/Materials | Discovered new exit (range 14) 907 | -10/Materials | Discovered new exit (range 12) 912 | -10/Materials | Repaired Lgt. Armor Plating 1793 | -10/Materials | Discovered new exit (range 15) 1983 | -10/Materials | Entered Mines 1993 | -10/Mines | Met a Derelict bent on vengeance 2141 | -10/Mines | Discovered new exit (range 7) 2566 | -10/Mines | Discovered new exit (range 12) 2653 | -10/Mines | Learned Materials security intel 2699 | -10/Mines | Deemed a non-threat by the Exiles lab entrance 2700 | -10/Mines | Discovered new exit (range 5) 2818 | -10/Mines | Found a damaged Exp. Sensor Array with a note attached 2842 | -10/Mines | Found Prototype Device 2881 | -10/Mines | Learned 4 Materials zone layouts 3022 | -10/Mines | Discovered new exit (range 10) 3147 | -10/Mines | Entered Exiles 3171 | -10/Exiles | Discovered new exit (range 15) 3191 | -10/Exiles | Met 8R-AWN 3215 | -10/Exiles | Met EX-HEX 3287 | -10/Exiles | Met EX-DEC 3379 | -10/Exiles | Learned location of Zion (-7) 3413 | -10/Exiles | Met EX-BIN 3479 | -10/Exiles | Aligned with FarCom system 3480 | -10/Exiles | Given EX-Vault access code 3519 | -10/Exiles | Opened EX-Vault 3529 | -10/Exiles | Found Latent Energy Streamer 3563 | -10/Exiles | Warned to stay clear of 0b10 Research branches 3675 | -10/Exiles | Discovered new exit (range 10) 3690 | -10/Exiles | Left Exiles lab with Latent Energy Streamer 3690 | -10/Exiles | Entered Mines 3851 | -9/Mines | A weapon hastily lodged in a ceiling crevice suddenly fell to the ground 4191 | -9/Mines | Learned location of Storage (-8) 4200 | -9/Mines | Discovered new exit (range 7) 4209 | -9/Mines | Entered Materials 4209 | -8/Materials | Evolved 4 slots: Utility x3, Weapon x1 4224 | -8/Materials | Central database locked down 4262 | -8/Materials | Identified Exp. Sensor Array 4379 | -8/Materials | Lost 8 parts (1p2n4u1w) 4549 | -8/Materials | Garrison activated, responded to threat 4880 | -8/Materials | Build established: Scavenger-Skirmisher 5489 | -8/Materials | Discovered new exit (range 13) 5835 | -8/Materials | Build established: Scavenger-Tank 5959 | -8/Materials | Identified exit to Garrison 5959 | -8/Materials | Entered Garrison 6011 | -8/Garrison | Triggered checkpoint 6081 | -8/Garrison | Garrison Relay disabled 6253 | -8/Garrison | Phase Generator disabled 6416 | -8/Garrison | Triggered checkpoint 6446 | -8/Garrison | Triggered checkpoint 6508 | -8/Garrison | Triggered checkpoint 6674 | -8/Garrison | Discovered new exit (range 8) 6733 | -8/Garrison | Triggered checkpoint 6793 | -8/Garrison | Garrison Relay disabled 7065 | -8/Garrison | Triggered checkpoint 7176 | -8/Garrison | Garrison Relay disabled 7260 | -8/Garrison | Discovered new exit (range 14) 7271 | -8/Garrison | Triggered checkpoint 7286 | -8/Garrison | Discovered new exit (range 5) 7362 | -8/Garrison | Build established: Scavenger-Mutant 7578 | -8/Garrison | Garrison Relay disabled 7671 | -8/Garrison | Triggered checkpoint 7684 | -8/Garrison | Triggered checkpoint 7915 | -8/Garrison | Garrison Relay disabled 7932 | -8/Garrison | Garrison Relay disabled 7963 | -8/Garrison | Discovered new exit (range 12) 7973 | -8/Garrison | Installed Relay Interface Framework 8013 | -8/Garrison | Core integrity fell below 50% 8243 | -8/Garrison | Entered Materials 8243 | -8/Materials | Accompanied by 2 allies 8321 | -8/Materials | Lost 3 allies 8338 | -8/Materials | Build established: Bothacker-Mutant 8848 | -8/Materials | Identified exit to Garrison 8848 | -8/Materials | Entered Garrison 8848 | -8/Garrison | Accompanied by 4 allies 8956 | -8/Garrison | Learned Factory security intel 8998 | -8/Garrison | Triggered checkpoint 9074 | -8/Garrison | Triggered checkpoint 9098 | -8/Garrison | Triggered checkpoint 9161 | -8/Garrison | Triggered checkpoint 9198 | -8/Garrison | Triggered checkpoint 9246 | -8/Garrison | Lost 4 allies 9958 | -8/Garrison | Triggered checkpoint 9988 | -8/Garrison | Discovered new exit (range 11) 10002 | -8/Garrison | Lost 3 allies 10007 | -8/Garrison | Garrison Relay disabled 10154 | -8/Garrison | Triggered checkpoint 10173 | -8/Garrison | Discovered new exit (range 5) 10248 | -8/Garrison | System corruption reached 10% 10297 | -8/Garrison | Expanded RIF knowledge: Program Shield 10308 | -8/Garrison | Garrison Relay disabled 10401 | -8/Garrison | Discovered new exit (range 10) 10414 | -8/Garrison | Triggered checkpoint 10434 | -8/Garrison | Triggered checkpoint 10465 | -8/Garrison | Garrison Relay disabled 10517 | -8/Garrison | Garrison Relay disabled 10681 | -8/Garrison | Discovered new exit (range 14) 10730 | -8/Garrison | Triggered checkpoint 10769 | -8/Garrison | Core integrity fell below 20% 10797 | -8/Garrison | Lost 3 allies 10835 | -8/Garrison | Garrison Relay disabled 11068 | -8/Garrison | Entered Materials 11068 | -8/Materials | Accompanied by 2 allies 11268 | -8/Materials | Met 7R-MNS 11303 | -8/Materials | Discovered new exit (range 15) 11356 | -8/Materials | Entered Factory 11356 | -7/Factory | Accompanied by 3 allies 11356 | -7/Factory | Evolved 2 slots: Utility x2 11357 | -7/Factory | Caught up to 7R-MNS 11374 | -7/Factory | Identified exit to Lower Caves 11522 | -7/Factory | Garrison activated, responded to threat 12301 | -7/Factory | Discovered new exit (range 16) 12364 | -7/Factory | Identified exit to Garrison 12364 | -7/Factory | Entered Garrison 12364 | -7/Garrison | Accompanied by 5 allies 12370 | -7/Garrison | Triggered checkpoint 12498 | -7/Garrison | Triggered checkpoint 12508 | -7/Garrison | Triggered checkpoint 12516 | -7/Garrison | Triggered checkpoint 12584 | -7/Garrison | Triggered checkpoint 12628 | -7/Garrison | Lost 3 allies 12753 | -7/Garrison | Garrison Relay disabled 12900 | -7/Garrison | Discovered new exit (range 10) 12909 | -7/Garrison | Triggered checkpoint 12936 | -7/Garrison | Triggered checkpoint 13234 | -7/Garrison | Garrison Relay disabled 13427 | -7/Garrison | Garrison Relay disabled 13453 | -7/Garrison | Triggered checkpoint 13651 | -7/Garrison | Discovered new exit (range 13) 13762 | -7/Garrison | Triggered checkpoint 13880 | -7/Garrison | Expanded RIF knowledge: Threat Obfuscation 13916 | -7/Garrison | Discovered new exit (range 10) 13940 | -7/Garrison | Entered Factory 13940 | -7/Factory | Accompanied by 5 allies 14645 | -7/Factory | Garrison activated, responded to threat 14678 | -7/Factory | Identified exit to Garrison 14680 | -7/Factory | Entered Garrison 14680 | -7/Garrison | Accompanied by 7 allies 14733 | -7/Garrison | Expanded RIF knowledge: Zone Cloak 14782 | -7/Garrison | Triggered checkpoint 14796 | -7/Garrison | Triggered checkpoint 14799 | -7/Garrison | Triggered checkpoint 14820 | -7/Garrison | Triggered checkpoint 14846 | -7/Garrison | Lost 4 allies 15019 | -7/Garrison | Lost 3 allies 15127 | -7/Garrison | Garrison Relay disabled 15232 | -7/Garrison | Discovered new exit (range 8) 15377 | -7/Garrison | Build established: Botlord-Mutant 15406 | -7/Garrison | Triggered checkpoint 15439 | -7/Garrison | Garrison Relay disabled 15613 | -7/Garrison | Spotted B-75 Beast 15712 | -7/Garrison | Discovered new exit (range 9) 15873 | -7/Garrison | Discovered new exit (range 13) 16074 | -7/Garrison | Garrison Relay disabled 16227 | -7/Garrison | Entered Factory 16227 | -6/Factory | Accompanied by 4 allies 16227 | -6/Factory | Evolved 2 slots: Utility x2 16601 | -6/Factory | Lost 4 allies 17421 | -6/Factory | Discovered new exit (range 54) 17541 | -6/Factory | Identified exit to Garrison 17541 | -6/Factory | Entered Garrison 17541 | -6/Garrison | Accompanied by 1 ally 17637 | -6/Garrison | Triggered checkpoint 17662 | -6/Garrison | Triggered checkpoint 17687 | -6/Garrison | Garrison Relay disabled 17695 | -6/Garrison | Lost 3 allies 17718 | -6/Garrison | Garrison Relay disabled 17803 | -6/Garrison | Triggered checkpoint 17855 | -6/Garrison | Destroyed 15 combat bots 18005 | -6/Garrison | Triggered checkpoint 18079 | -6/Garrison | Discovered new exit (range 10) 18093 | -6/Garrison | Triggered checkpoint 18114 | -6/Garrison | Garrison Relay disabled 18352 | -6/Garrison | Garrison Relay disabled 18415 | -6/Garrison | Build established: Botlord-Skirmisher 18531 | -6/Garrison | Triggered checkpoint 18535 | -6/Garrison | Discovered new exit (range 11) 18691 | -6/Garrison | Triggered checkpoint 18791 | -6/Garrison | Expanded RIF knowledge: Autooverride 18822 | -6/Garrison | Discovered new exit (range 10) 18859 | -6/Garrison | Entered Factory 18859 | -6/Factory | Accompanied by 3 allies 19096 | -6/Factory | Repaired Arm. Huge Wheel 19159 | -6/Factory | Build established: Botlord-Tank 19209 | -6/Factory | First assault squad dispatched 19414 | -6/Factory | Identified exit to Garrison 19414 | -6/Factory | Entered Garrison 19439 | -6/Garrison | Lost 4 allies 19482 | -6/Garrison | Triggered checkpoint 19505 | -6/Garrison | Garrison Relay disabled 19617 | -6/Garrison | Triggered checkpoint 19617 | -6/Garrison | Triggered checkpoint 19624 | -6/Garrison | Triggered checkpoint 19842 | -6/Garrison | Triggered checkpoint 19909 | -6/Garrison | Lost 3 allies 20008 | -6/Garrison | Expanded RIF knowledge: Command Fork 20033 | -6/Garrison | Discovered new exit (range 10) 20175 | -6/Garrison | Garrison Relay disabled 20206 | -6/Garrison | Build established: Botlord-Mutant 20312 | -6/Garrison | Triggered checkpoint 20348 | -6/Garrison | Spotted Striker 20360 | -6/Garrison | Garrison Relay disabled 20491 | -6/Garrison | Discovered new exit (range 13) 20620 | -6/Garrison | Triggered checkpoint 20716 | -6/Garrison | Discovered new exit (range 10) 20784 | -6/Garrison | Triggered checkpoint 20819 | -6/Garrison | Found embedded Infiltrators 20827 | -6/Garrison | Garrison Relay disabled 20907 | -6/Garrison | Lost 6 allies 20908 | -6/Garrison | Core integrity fell below 50% 21087 | -6/Garrison | Entered Factory 21087 | -5/Factory | Accompanied by 6 allies 21087 | -5/Factory | Evolved 2 slots: Propulsion x1, Utility x1 21439 | -5/Factory | Lost 5 allies 21477 | -5/Factory | P-70 Sage assimilated allied Gladiator 5d 21553 | -5/Factory | Discovered new exit (range 15) 22282 | -5/Factory | Identified exit to Garrison 22282 | -5/Factory | Entered Garrison 22378 | -5/Garrison | Triggered checkpoint 22405 | -5/Garrison | Garrison Relay disabled 22499 | -5/Garrison | Spotted B-75 Beast 22519 | -5/Garrison | Assimilated Beast 6a with formatsys_high 22529 | -5/Garrison | Triggered checkpoint 22550 | -5/Garrison | Destroyed Beast 6a 22602 | -5/Garrison | System corruption reached 10% 22636 | -5/Garrison | Lost 7 parts (1p2n2u2w) 22708 | -5/Garrison | Triggered checkpoint 23174 | -5/Garrison | Expanded RIF knowledge: Watcher Feeds 23329 | -5/Garrison | Build established: Botlord-Tank 23350 | -5/Garrison | Triggered checkpoint 23459 | -5/Garrison | Garrison Relay disabled 23518 | -5/Garrison | Discovered new exit (range 15) 23520 | -5/Garrison | Triggered checkpoint 23555 | -5/Garrison | Garrison Relay disabled 23703 | -5/Garrison | Discovered new exit (range 10) 23752 | -5/Garrison | Triggered checkpoint 23772 | -5/Garrison | Discovered new exit (range 40) 23772 | -5/Garrison | Discovered new exit (range 70) 23772 | -5/Garrison | Discovered new exit (range 26) 23782 | -5/Garrison | Garrison Relay disabled 23950 | -5/Garrison | Lost 5 allies 24188 | -5/Garrison | Entered Factory 24188 | -4/Factory | Accompanied by 6 allies 24188 | -4/Factory | Evolved 2 slots: Power x1, Propulsion x1 24261 | -4/Factory | Discovered new exit (range 20) 24300 | -4/Factory | Identified exit to Research 24438 | -4/Factory | First assault squad dispatched 24547 | -4/Factory | Garrison activated, responded to threat 24592 | -4/Factory | Lost 3 allies 24702 | -4/Factory | Discovered new exit (range 13) 24790 | -4/Factory | Identified exit to Upper Caves 24790 | -4/Factory | Identified exit to Armory 24984 | -4/Factory | Build established: Botlord-Mutant 25020 | -4/Factory | System corruption reached 10% 25099 | -4/Factory | Lost 5 allies 25160 | -4/Factory | Lost 3 parts (3u) 25194 | -4/Factory | Destroyed 7 combat bots 25195 | -4/Factory | Lost 6 allies 25221 | -4/Factory | Entered Armory 25474 | -4/Armory | Lost 3 allies 25474 | -4/Armory | Spotted B-86 Titan 25543 | -4/Armory | Found Gamma Bomb Array 25811 | -4/Armory | Build established: Botlord-Tank 25942 | -4/Armory | Found Enh. Force Lance 26185 | -4/Armory | Repaired Adv. Force Field 26447 | -4/Armory | Discovered new exit (range 5) 26718 | -4/Armory | Entered Lab 26718 | -4/Lab | Discovered exit to Research (range 9) 26738 | -4/Lab | Unable to decrypt terminal 26766 | -4/Lab | Detected for breach 26770 | -4/Lab | Gained access to the hidden lab's interior 26775 | -4/Lab | Confronted by A5 26785 | -4/Lab | System corruption reached 30% 26822 | -4/Lab | Destroyed A5 26852 | -4/Lab | Found Prototype Protection 26852 | -4/Lab | Identified Med. Regenerative Plating 26891 | -4/Lab | Found Alien Artifact 26891 | -4/Lab | Identified Transdimensional Reconstructor 26891 | -4/Lab | Warped through subspace 26903 | -4/Lab | Found Prototype Energy Gun 26903 | -4/Lab | Identified Hyp. EM Gauss Rifle 26916 | -4/Lab | Found Prototype Device 26916 | -4/Lab | Identified AEGIS Remote Shield 26968 | -4/Lab | Found Alien Artifact 26968 | -4/Lab | Identified Integrated Mediator 26968 | -4/Lab | Installed Integrated Mediator, increased core attachment efficiency 26980 | -4/Lab | Found Alien Artifact 26980 | -4/Lab | Identified Core Regenerator 26980 | -4/Lab | Used Core Regenerator, restored core integrity (+287) 27107 | -4/Lab | Unable to decrypt terminal 27114 | -4/Lab | Build established: Botlord-Mutant 27140 | -4/Lab | Found Prototype Special Weapon 27140 | -4/Lab | Identified Gui. Remote Datajack 27192 | -4/Lab | Unable to decrypt terminal 27207 | -4/Lab | Entered Research 27207 | -3/Research | Evolved 2 slots: Propulsion x2 27517 | -3/Research | Found Unknown Device 27517 | -3/Research | Identified Launcher Loader 27826 | -3/Research | Intercept squad dispatched 27856 | -3/Research | Spotted Tracker 27864 | -3/Research | Destroyed Tracker 27881 | -3/Research | Spotted Combat Programmer 27895 | -3/Research | Destroyed Combat Programmer 28337 | -3/Research | Build established: Bothacker-Skirmisher 28361 | -3/Research | Identified exit to Garrison 28361 | -3/Research | Entered Garrison 28361 | -3/Garrison | Accompanied by 1 ally 28376 | -3/Garrison | Triggered checkpoint 28490 | -3/Garrison | Garrison Relay disabled 28633 | -3/Garrison | System corruption reached 10% 28670 | -3/Garrison | Expanded RIF knowledge: Crosswire 28711 | -3/Garrison | Triggered checkpoint 28813 | -3/Garrison | Garrison Relay disabled 28842 | -3/Garrison | Learned Research security intel 28951 | -3/Garrison | Triggered checkpoint 29073 | -3/Garrison | Build established: Botlord-Tank 29195 | -3/Garrison | Spotted B-86 Titan 29214 | -3/Garrison | Allies destroyed B-86 Titan 29233 | -3/Garrison | Triggered checkpoint 29237 | -3/Garrison | Triggered checkpoint 29271 | -3/Garrison | Lost 7 allies 29311 | -3/Garrison | Triggered checkpoint 29329 | -3/Garrison | Garrison Relay disabled 29366 | -3/Garrison | Discovered new exit (range 13) 29549 | -3/Garrison | Triggered checkpoint 29601 | -3/Garrison | Garrison Relay disabled 29663 | -3/Garrison | Discovered new exit (range 9) 29675 | -3/Garrison | Expanded RIF knowledge: Threat Obfuscation 29713 | -3/Garrison | Entered Research 29713 | -2/Research | Accompanied by 3 allies 29713 | -2/Research | Evolved 2 slots: Power x1, Utility x1 29963 | -2/Research | First assault squad dispatched 30147 | -2/Research | Lost 3 allies 30323 | -2/Research | Garrison activated, responded to threat 30400 | -2/Research | Lost 6 allies 30461 | -2/Research | Lost 4 allies 30479 | -2/Research | Spotted B-90 Cyclops 30507 | -2/Research | Identified exit to Garrison 30510 | -2/Research | Entered Garrison 30510 | -2/Garrison | Accompanied by 1 ally 30560 | -2/Garrison | Triggered checkpoint 30632 | -2/Garrison | System corruption reached 10% 30905 | -2/Garrison | Garrison Relay disabled 31144 | -2/Garrison | Triggered checkpoint 31144 | -2/Garrison | Spotted B-90 Cyclops 31225 | -2/Garrison | Garrison Relay disabled 31374 | -2/Garrison | Triggered checkpoint 31396 | -2/Garrison | Destroyed B-90 Cyclops 31420 | -2/Garrison | Triggered checkpoint 31434 | -2/Garrison | Triggered checkpoint 31476 | -2/Garrison | Found Quantum Capacitor 31562 | -2/Garrison | Discovered new exit (range 11) 31585 | -2/Garrison | Rewired B-86 Titan 31686 | -2/Garrison | Triggered checkpoint 31717 | -2/Garrison | Garrison Relay disabled 31863 | -2/Garrison | Phase Generator disabled 31873 | -2/Garrison | Spotted B-90 Cyclops 31915 | -2/Garrison | Lost 4 allies 31917 | -2/Garrison | Destroyed B-90 Cyclops 31982 | -2/Garrison | Triggered checkpoint 32064 | -2/Garrison | Garrison Relay disabled 32101 | -2/Garrison | Garrison Relay disabled 32349 | -2/Garrison | Discovered new exit (range 13) 32365 | -2/Garrison | Triggered checkpoint 32499 | -2/Garrison | Entered Quarantine 32500 | -2/Quarantine | Maximum security lockdown engaged 32542 | -2/Quarantine | Found Alien Artifact 32542 | -2/Quarantine | Identified Phase Armor 32646 | -2/Quarantine | System corruption reached 30% 32706 | -2/Quarantine | Spotted Investigator 32708 | -2/Quarantine | Garrison activated, responded to threat 32714 | -2/Quarantine | Spotted Striker 32725 | -2/Quarantine | Scanned by Researcher 32731 | -2/Quarantine | Destroyed Investigator 32749 | -2/Quarantine | Core integrity fell below 50% 32753 | -2/Quarantine | Core integrity fell below 20% 32755 | -2/Quarantine | Destroyed by P-80 Master with Gamma Rifle Last Messages --------------- 32751_ Relay Coupler [NC] tumbles out of Garrison Access. 32751_ P-80 Master stasis bubble strength at 109. 32751_ S-43 Plague stasis bubble strength at 140. 32752_ P-80 Master stasis bubble strength at 137. 32752_ Striker stasis bubble strength at 16. 32752_ Y-72 Warden suffers critical hit (Burn). 32752_ P-80 Master stasis bubble strength at 102. 32752_ S-43 Plague stasis bubble strength at 135. 32753_ P-80 Master stasis bubble strength at 130. 32753_ Relay Coupler [Sentry] severed. 32753_ Striker stasis bubble strength at 8. 32753_ Slug penetrates G-73 Enforcer. 32753_ P-80 Master stasis bubble strength at 95. 32753_ S-43 Plague stasis bubble strength at 130. 32754_ P-80 Master stasis bubble strength at 123. 32754_ Striker stasis bubble bursts. 32754_ Relay Coupler [Behemoth] destroyed. 32754_ System corrupted by crushing effect (+4). 32754_ P-80 Master stasis bubble strength at 88. 32754_ S-43 Plague stasis bubble strength at 125. Map ----- +----------------------------------------------------+ | #????????????????????????????????????????????????? | | #????????????????????????????????????????????????? | | #????????????????????????????????????????????????? | | ##########???????????????????????????????????????? | | #! * #???????????????????????????????????????? | | # #???????????????????????????????????????? | | %/%==] #???????????????????????????????????????? | | # == #???????????????????????????????????????? | | # == #???????????????????????????????????????? | | ### #???????????????????????????????????????? | | #?###""###???????????????????????????????????????? | | #???# #?????????????????????????????????????????? | | ##??# ##?????????????????????????????????????????? | | #??# #??????????????????????????????????????????? | | #??# #?########?????????????????????????????????? | | #??# #?# ! #??????????????????T??????????????? | | #?## #?# "" #???????????????? ???????????????? | | #?# ####""" !#??????????????Y ???????????????? | | #?### ##"T #??????????????m ???????????????? | | #???## #""" ############### ???????????????? | | #????### " # i * ??????????????? | | ##?????## Cb%g! % gg p ??????????????? | | ???????## " " # ==%Ygm ! """ ?????????????? | | ??? + """ #pYppb %gg!p""" ?????????????? | | ???? ? # """ b"bggp###ggYg!"" #????????????????? | | ????????#"%""" #gpp=###]l@g!s #????????????????? | | ????????# " !%%[gbp!m%*gp!b"l #????????????????? | | ????????# [=####s##ppb G" p #????????????????? | | ????????# #??#K; #!/""" #????????????????? | | ????????###+##+#??# ### m #????????????????? | | ??????????# ? #??# #?# #????????????????? | | ??????????# ? #??#+#?##+######+#????????????????? | | ??????????#?? ??? ?????????????????????????????? | | ????????????? ??? ??????????????????????????????? | | ????????????? ?? ??????????????????????????????? | | ????????????? ?? ??????????????????????????????? | | ????????????? ?? ??????????????????????????????? | | ????????????? ?# ???????????????????????????????? | | ????????????? ?# ???????????????????????????????? | | ????????????????# ???????????????????????????????? | | ????????????????# ???????????????????????????????? | | ????????????????#????????????????????????????????? | | ?????????????????????????????????????????????????? | | ?????????????????????????????????????????????????? | | ?????????????????????????????????????????????????? | | ?????????????????????????????????????????????????? | | ?????????????????????????????????????????????????? | | ?????????????????????????????????????????????????? | | ?????????????????????????????????????????????????? | | ?????????????????????????????????????????????????? | +----------------------------------------------------+ Best States ------------- Heat Dissipation 131 Coolant Potential 100 Energy Generation 86 Energy Capacity 1100 Matter Stores 500 Matter Capacity 500 Sight Range 16 Terrain Scan Range 16 Terrain Scan Density 10 Jamming Range 14 Power Amplification 40 Additional Mass Support 16 Corruption Containment 8 Armor Coverage 900 Resistance: KI 30 Resistance: TH 10 Core Shielding 30 Power Shielding 66 Propulsion Shielding 66 Utility Shielding 66 Weapon Shielding 66 Weapon Cycling 30 Evasion (%) 55 Targeting Accuracy 5 Launcher Accuracy 40 Target Analysis 8 Recoil Reduction 6 Particle Charging 25 Offensive Hacking 12 Defensive Hacking 12 Relay Coupler Types 7 Relay Coupler Value 132 Authchip Count 1 Item Schematics ----------------- Lyr. Medium Armor Plating | -7/Factory | Hacked Robot Schematics ------------------ None Fabricated ------------ Nothing Alien Tech Used ----------------- Transdimensional Reconstructor Integrated Mediator Core Regenerator Phase Armor Achievements -------------- Anyone Home? Challenges ------------ None Game ------ Seed RiotMatterSegregator Manual? 0 Play Time 07:06:24 Cumulative 196.5 hours Start 2024.05.15 @ 18:10:50 End 2024.05.18 @ 17:06:36 Sessions 3 Manual Loads 0 Difficulty Rogue Special Mode None Game No. 153 Rogue 153 Adventurer 0 Explorer 0 Win Type - Total 3 Types 2/0/0/1/0/0/0/0/0 Lore% 59 Gallery% 81 Achievement% 63 Wizard Run 0 Options --------- Layout 2 ASCII 0 Keyboard 1 Movement Numpad Keybinds 0 Fullscreen 1 Font 32/SmallcapsGlow Map View 77x44 Zoom Use 0% Tactical HUD 1 Map Filters NONE Filters NONE Steam 1 RUN: bdc62ced-0c2e-48f4-bfa4-416b94f89e82